 Dungeon Crawl Stone Soup version 0.29-a0-559-g359e09b9d1 (webtiles) character file.

Game seed: 8330235720932431472

1960 Ijustatesigmund the Conjurer (level 9, -2/88 HPs)
             Began as an Ogre Hedge Wizard on June 9, 2022.
             Slain by Pikel
             ... wielding a +1 whip of freezing
              (5 damage)
             ... on level 6 of the Dungeon.
             The game lasted 00:16:05 (10087 turns).

Ijustatesigmund the Conjurer (Ogre Hedge Wizard)   Turns: 10087, Time: 00:16:05

Health: -2/88      AC:  4    Str: 15 (16) XL:     9   Next: 19%
Magic:  14/14      EV: 13    Int: 18 (19) God:
Gold:   308        SH:  0    Dex:  6 (8)  Spells: 9/15 levels left

rFire   . . .      SeeInvis .   o - +0 giant spiked club
rCold   . . .      Faith    .   (shield currently unavailable)
rNeg    . . .      Spirit   .   b - +0 robe
rPois   .          Reflect  .   c - +0 hat
rElec   .          Harm     .   f - +0 cloak
rCorr   .          Rampage  .   (gloves unavailable)
Will    .....                   (boots unavailable)
Stlth   +.........              l - amulet of the acrobat
HPRegen 0.24/turn               u - +4 ring of evasion
MPRegen 0.14/turn               (no ring)

@: no status effects
A: large, unfitting armour, tough skin 1
a: no special abilities


You were on level 6 of the Dungeon.
You visited 1 branch of the dungeon, and saw 6 of its levels.
You also visited: Sewer.

You collected 308 gold pieces.

Inventory:

Hand Weapons
 a - a +3 whip of venom
 o - a +0 giant spiked club (weapon)
Missiles
 e - 3 javelins
Armour
 b - a +0 robe (worn)
 c - a +0 hat (worn)
 f - a +0 cloak (worn)
Jewellery
 l - an amulet of the acrobat (around neck)
 u - a +4 ring of evasion (left hand)
Wands
 n - a wand of charming (12)
 s - a wand of polymorph (11)
Scrolls
 g - a scroll of teleportation
 h - a scroll of fog
 j - 2 scrolls of fear
 k - a scroll of enchant weapon
 r - a scroll of amnesia {unknown}
 t - 3 scrolls of identify
Potions
 d - a potion of magic
 m - a potion of degeneration
 p - a potion of resistance {unknown}
 q - 2 potions of brilliance {unknown}


   Skills:
 + Level 5.1 Fighting
 * Level 3.7 Maces & Flails
 - Level 1.7 Dodging
 - Level 1.4 Stealth
 - Level 3.6 Spellcasting
 - Level 5.1 Conjurations
 - Level 0.8 Summonings
 - Level 3.9 Translocations
 - Level 4.3 Air Magic
 - Level 4.3 Poison Magic


You had 9 spell levels left.
You knew the following spells:

 Your Spells              Type           Power      Damage    Failure   Level
a - Magic Dart            Conj           84%        1d7       1%          1
b - Blink                 Tloc           34%        N/A       4%          2
c - Mephitic Cloud        Conj/Pois/Air  19%        N/A       7%          3

Your spell library contained the following spells:

 Spells                   Type           Power      Damage    Failure   Level
 Foxfire                  Conj/Fire      48%        2x1d6     5%          1
 Slow                     Hex            12%        N/A       16%         1
 Call Imp                 Summ           6%         N/A       16%         2
 Conjure Flame            Conj/Fire      12%        6-21      16%         3
 Inner Flame              Hex/Fire       3%         N/A       43%         3
 Flame Wave               Conj/Fire      12%        2d6       47%         4


Dungeon Overview and Level Annotations

Branches:
Dungeon (6/15)              Sewer (visited)
 Temple: D:4-7

Altars:
Fedhas
Kikubaaqudgha
Nemelex Xobeh

Annotations:
D:5 Sigmund
D:6 Pikel


Innate Abilities, Weirdness & Mutations

You are too large for most types of armour.
You have tough skin. (AC +1)


Message History

You miss Pikel.
Pikel is almost dead.
Pikel hits you with a +1 whip of freezing!
Pikel freezes you. The lemure barely misses you. The lemure misses you.
Pikel closely misses you.
You barely miss Pikel.
Pikel is almost dead.
Pikel says, "Hell isn't that bad."
Pikel hits you with a +1 whip of freezing.
Pikel freezes you. The lemure hits you!
You closely miss Pikel.
Pikel is almost dead.
Pikel hits you but does no damage. The lemure hits you.
Pikel hits you with a +1 whip of freezing!
Pikel freezes you. The lemure hits you but does no damage.
You hit Pikel.
Pikel is almost dead.
Pikel waves his whip at you.
Pikel hits you with a +1 whip of freezing.
Pikel freezes you. The lemure closely misses you.
Pikel hits you with a +1 whip of freezing.
Pikel freezes you. The lemure barely misses you.
You barely miss Pikel.
Pikel is almost dead.
Pikel hits you with a +1 whip of freezing.
* * * LOW HITPOINT WARNING * * *
Pikel freezes you.
* * * LOW HITPOINT WARNING * * *
The lemure hits you.
* * * LOW HITPOINT WARNING * * *
You miss Pikel.
Pikel is almost dead.
Pikel hits you with a +1 whip of freezing.
* * * LOW HITPOINT WARNING * * *
Pikel freezes you.
* * * LOW HITPOINT WARNING * * *
Pikel hits you with a +1 whip of freezing!
* * * LOW HITPOINT WARNING * * *
Pikel freezes you.
You die...

......)..'...'............
#.########...#####'#######
#.# #...#.........# ...
#####.........# #.#
#.........# ...
#.........# #.#
#####.##### #.
#.########.# .....55K@..#
....##5##..# . #.##..#
#.....# #####.# ####.##
#.....# #.....# #.....#


You could see Pikel and 3 lemures.

Vanquished Creatures
  Grinder (D:5)
  A black bear (D:4)
  2 ice beasts (D:4)
  An ogre (D:4)
  A centaur (D:6)
  A lemure (D:6)
  7 kobold brigands (Sewer)
  8 hounds
  An orc priest (D:3)
  2 jellies
  Crazy Yiuf (D:3)
  Terence (D:3)
  2 iguanas
  4 orc wizards
  3 gnolls
  16 adders
  A white imp (D:4)
  An ufetubus (D:3)
  3 worms
  4 dart slugs
  11 orcs
  8 ball pythons
  9 endoplasms
  7 giant cockroaches
  4 hobgoblins
  5 jackals (D:1)
  9 kobolds
  7 quokkas
  A bat (D:3)
  4 frilled lizards
  6 goblins
  15 rats
147 creatures vanquished.

Vanquished Creatures (others)
  An orc (D:4)
  A fungus (D:2)
  A plant (D:2)
3 creatures vanquished.

Grand Total: 150 creatures vanquished

Notes
Turn   | Place    | Note
-------+----------+-------------------------------------------
     0 | D:1      | Ijustatesigmund the Ogre Hedge Wizard began the quest for
                  | the Orb.
     0 | D:1      | Reached XP level 1. HP: 16/16 MP: 5/5
    14 | D:1      | Reached skill level 1 in Conjurations
   133 | D:1      | Reached skill level 1 in Fighting
   209 | D:1      | Reached XP level 2. HP: 23/27 MP: 1/6
   212 | D:1      | Learned a level 2 spell: Blink
   443 | D:1      | Reached XP level 3. HP: 31/35 MP: 8/8
   487 | D:1      | Reached skill level 1 in Maces & Flails
  1387 | D:2      | Reached XP level 4. HP: 37/44 MP: 9/9
  1533 | D:2      | Learned a level 3 spell: Mephitic Cloud
  1592 | D:2      | Reached XP level 5. HP: 45/53 MP: 10/10
  2233 | D:2      | Found a faded altar of an unknown god.
  2574 | D:3      | Noticed Terence
  2582 | D:3      | Killed Terence
  2625 | D:3      | Found a runed translucent door.
  2626 | D:3      | Noticed Crazy Yiuf
  2635 | D:3      | Killed Crazy Yiuf
  2915 | D:3      | Reached skill level 1 in Air Magic
  2930 | D:3      | Found a sparkling altar of Nemelex Xobeh.
  3057 | D:3      | Reached skill level 1 in Poison Magic
  3063 | D:3      | Reached XP level 6. HP: 16/62 MP: 11/11
  4793 | D:4      | Found a glowing drain.
  4797 | Sewer    | Entered a sewer
  4851 | Sewer    | Reached skill level 1 in Translocations
  4851 | Sewer    | Reached XP level 7. HP: 67/71 MP: 9/12
  5930 | Sewer    | Reached XP level 8. HP: 67/79 MP: 5/13
  6898 | D:4      | Found a blossoming altar of Fedhas.
  7113 | D:5      | Entered Level 5 of the Dungeon
  7113 | D:5      | Noticed Grinder
  7616 | D:5      | Noticed Sigmund
  8091 | D:5      | Paralysed by Grinder for 2 turns
  8094 | D:5      | Killed Grinder
  8095 | D:5      | Reached skill level 5 in Conjurations
  8095 | D:5      | Reached XP level 9. HP: 20/85 MP: 11/14
  9605 | D:5      | Found an ancient bone altar of Kikubaaqudgha.
 10034 | D:6      | Reached skill level 5 in Fighting
 10074 | D:6      | Noticed Pikel
 10087 | D:6      | HP: 3/88 [Pikel/+1 whip of freezing (11)]
 10087 | D:6      | Slain by Pikel

Illustrated notes

Levels and vault maps discovered:
D:1:      dpeg_arrival_pits, layout_basic
D:2:      layout_loops_corners, shapermc_ecumenical_altar_hornbeckon
D:3:      layout_rooms, lemuel_round_altar, uniq_crazy_yiuf_cottage,
          uniq_terence
D:4:      layout_basic, kennysheep_little_box, gup_sewer_entry_spiral,
          hangedman_minor_gate_pass
D:5:      layout_basic, kiku_gazebo_pond_becter, st_stairs_11, uniq_grinder,
          uniq_sigmund
D:6:      layout_basic, minmay_temple_entry_tees, uniq_edmund, uniq_maggie,
          uniq_pikel

Skill      XL: |  1  2  3  4  5  6  7  8  9 |
---------------+----------------------------+-----
Conjurations   | 1 2 3 4 5 |  5.1
Fighting       | 1 2 3 4 5 |  5.1
Maces & Flails | 1 2 3 |  3.7
Air Magic      | 1 2 3 4 |  4.3
Poison Magic   | 1 2 3 4 |  4.3
Translocations | 1 2 3 |  3.9
Dodging        | |  1.7
Stealth        | |  1.4
Spellcasting   | |  3.6
Summonings     | |  0.8

Action                   |  1- 3 |  4- 6 |  7- 9 || total
-------------------------+-------+-------+-------++-------
Melee: Whip              |    81 |   156 |   167 ||   404
       Giant spiked club |       |       |   101 ||   101
       Punch             |       |       |     2 ||     2
 Cast: Magic Dart        |    12 |    53 |   100 ||   165
       Mephitic Cloud    |       |       |     8 ||     8
       Blink             |       |       |     3 ||     3
Evoke: Wand              |       |       |     1 ||     1
  Use: Scroll            |     1 |       |     6 ||     7
       Potion            |       |     2 |     2 ||     4
 Stab: Sleeping          |     4 |     2 |     1 ||     7
Armor: Robe              |    31 |    37 |    65 ||   133
       Skin              |       |     1 |       ||     1
Dodge: Dodged            |    25 |    73 |   183 ||   281

Table legend: (Time is in decaauts)
 A = Elapsed time spent in this place.
 B = Non-inter-level travel time spent in this place.
 C = Inter-level travel time spent in this place.
 D = Time resting spent in this place.
 E = Time spent auto-exploring this place.
 F = Levels seen in this place.
 G = Mean time per level.
                   A        B        C        D        E       F      G
               +--------+--------+--------+--------+--------+-----+--------+
         Total |  10336 |  10152 |    184 |   3882 |   4657 |   7 | 1476.6 |
       Dungeon |   8775 |   8591 |    184 |   3650 |   3587 |   6 | 1462.5 |
         Sewer |   1560 |   1560 |      0 |    232 |   1069 |   1 | 1560.0 |
               +--------+--------+--------+--------+--------+-----+--------+

Top non-repeatable levels by time:
     D:4: 2625 daAuts
     D:2: 2275 daAuts
   Sewer: 1560 daAuts
     D:5: 1416 daAuts
     D:3: 1414 daAuts
     D:1: 978 daAuts
     D:6: 65 daAuts
